AoeStats
← Only 1 call a day

Baltic

510360528Analyzed
4v4 RM · 20h ago on Sep 30, 2026· 45m 22s· 8 players
Game mode
Random Map
Map size
Large (8 player)
Population
200
Speed
Normal
Resources
Standard
Victory
Conquest
Starting age
Dark Age
Ending age
Imperial Age
RankedLock teamsTeams togetherTeam positionsShared explorationLock speedFull tech treeHidden civsTurbo modeCheats
Victory
Defeat
🇻🇳 Vikings · Vietnam
907
+13
🇩🇪 Maya · Germany
905
+13
🇩🇪 Malay · Germany
904
+13
🇹🇷 Teutons · Türkiye
772
+20
🇲🇽 Danes · Mexico
916
-17
🇩🇪 Britons · Germany
860
-15
🇦🇷 Italians · Argentina
842
-15
🇹🇷 Vikings · Türkiye
769
-12
SköllShadow
0:26 Loom
14:09 Feudal Age
15:25 Wheelbarrow
14:37 Double-Bit Axe
14:54 Fishing Lines
18:28 Horse Collar
21:38 Fletching
23:51 Castle Age
22:08 Stone Mining
23:03 Town Watch
24:55 Hand Cart
24:43 Gillnets
24:51 Bodkin Arrow
25:28 Bow Saw
25:58 Stone Shaft Mining
26:18 Town Patrol
26:39 Heavy Plow
28:25 Ballistics
28:06 Gold Mining
32:25 Imperial Age
30:18 Ballistics
30:53 Squires
30:39 Arson
31:34 Gold Shaft Mining
30:53 Pikeman
31:18 Gambesons
32:21 Forging
32:01 Gambesons
32:43 Heavy Scorpion
35:44 Chemistry
34:19 Halberdier
36:35 Siege Engineers
37:07 Iron Casting
38:03 Conscription
37:51 Scale Mail Armor
38:43 Elite Jomsviking
41:01 Blast Furnace
40:18 Chain Mail Armor
40:03 Hamask
Erdal Kömürcü
6:40 Loom
11:18 Feudal Age
13:14 Double-Bit Axe
14:05 Gold Mining
18:04 Castle Age
16:58 Padded Archer Armor
17:09 Forging
19:13 Bow Saw
20:28 Gold Shaft Mining
19:59 Stone Mining
22:08 Town Watch
25:57 Town Patrol
29:28 Ballistics
33:11 Imperial Age
33:33 Clinker Construction
35:17 Fletching
35:42 Leather Archer Armor
36:14 Elite Longship
38:58 Scale Barding Armor
38:54 Cavalier
45:11 Horse Collar
Fred
11:39 Feudal Age
18:10 Castle Age
27:56 Ballistics
33:40 Imperial Age
31:25 Fletching
33:06 Double-Bit Axe
33:14 Gold Mining
33:48 Yeomen
34:19 Bodkin Arrow
35:17 Gold Shaft Mining
34:53 Bow Saw
35:08 Bracer
38:49 Padded Archer Armor
39:01 Fortified Wall
Toxic
5:22 Loom
11:12 Feudal Age
18:54 Castle Age
18:41 Fletching
23:11 Padded Archer Armor
27:58 Silk Road
DaVendetta16iD
0:34 Loom
15:39 Feudal Age
19:37 Horse Collar
19:46 Double-Bit Axe
23:03 Castle Age
22:49 Scale Barding Armor
22:49 Husbandry
23:20 Bow Saw
23:22 Heavy Plow
26:33 Forging
36:03 Imperial Age
34:20 Murder Holes
36:25 Conscription
38:19 Iron Casting
40:14 Wheelbarrow
39:44 Gold Mining
Blackshie
0:33 Loom
12:05 Feudal Age
12:48 Double-Bit Axe
17:18 Town Watch
20:45 Castle Age
19:23 Wheelbarrow
19:08 Horse Collar
20:36 Fletching
21:47 Crossbowman
22:28 Gold Mining
23:07 Padded Archer Armor
23:12 Bodkin Arrow
24:55 Thumb Ring
26:57 Ballistics
26:55 Leather Archer Armor
36:09 Imperial Age
35:09 Hand Cart
36:18 Fortified Wall
36:20 Masonry
36:54 Bracer
36:40 Arbalester
37:30 Heavy Plow
39:48 Ring Archer Armor
39:45 Town Patrol
40:27 Crop Rotation
40:20 Bow Saw
43:57 Conscription
44:58 Two-Man Saw
alpirowampir
0:29 Loom
13:20 Feudal Age
14:41 Double-Bit Axe
17:30 Wheelbarrow
16:58 Gold Mining
17:11 Stone Mining
20:03 Wheelbarrow
19:13 Town Watch
22:11 Horse Collar
26:01 Castle Age
24:08 Man-at-Arms
24:33 Arson
27:32 Caravan
28:17 Bow Saw
29:06 Stone Shaft Mining
29:19 Heavy Plow
30:34 Town Patrol
31:35 Town Patrol
31:51 Hand Cart
38:33 Squires
39:43 Bloodlines
43:16 Imperial Age
41:00 Scale Barding Armor
41:06 Forging
40:56 Scale Mail Armor
43:40 Chain Barding Armor
43:56 Iron Casting
43:36 Chain Mail Armor
43:27 Cavalier
43:55 Demolition Ship
44:58 Medium Warships
45:03 Paladin
Only 1 call a day
0:29 Loom
12:12 Feudal Age
12:57 Fishing Lines
13:16 Double-Bit Axe
20:24 Castle Age
18:12 Horse Collar
18:24 Gold Mining
18:30 Stone Mining
21:29 Caravan
25:07 Forging
24:48 Fletching
24:58 Scale Mail Armor
25:33 Bow Saw
26:43 Heavy Plow
26:43 Treadmill Crane
27:30 Careening
27:34 Clinker Construction
28:17 Bodkin Arrow
29:42 Iron Casting
30:25 Chain Mail Armor
30:24 Squires
35:16 Imperial Age
35:29 Chieftains
35:20 Elite Berserk
35:35 Capped Ram
36:40 Conscription
37:14 Crop Rotation
37:22 Gold Shaft Mining
38:09 Blast Furnace
38:41 Plate Mail Armor
40:35 Chemistry
39:28 Siege Ram
40:28 Elite Longship
42:39 Bogsveigar
42:52 Bracer
43:34 Dry Dock
43:35 Carvel Hull
44:32 Two-Man Saw
45:02 Arson
Connection lost

Rejoining the realm…

Still unreachable

The connection could not be restored.

Session expired

The server has moved on; the page needs a fresh start.